Map: Oblivion Express

Players

wasp

  • Race: Protoss Protoss
  • Spawn Location: 0:00

NamroodTuo

  • Race: Terran Terran
  • Spawn Location: 12:00

VOD

Have the link to the VOD?

Description

Time

  • Played on: Jan. 22, 2023, 6:14 a.m.
  • Length: 24:47
Show
View Real Time Build Order
Export as new Build Order

wasp Protoss 

Build Orders:  

Get SALT Encoding   

  12  0:17  Probe (Chrono Boost)  
  13  0:29  Probe (Chrono Boost)  
  13  0:38  Pylon  
  14  0:41  Probe (Chrono Boost)  
  15  1:04  Pylon  
  15  1:08  Pylon  
  15  1:14  Pylon  
  15  1:39  Gateway  
  15  1:41  Gateway  
  15  1:51  Assimilator  
  15  2:03  Assimilator  
  15  2:27  Probe (Chrono Boost)  
  16  2:39  Probe (Chrono Boost)  
  16  2:48  Sentinel x2  
  17  2:51  Probe (Chrono Boost)  
  22  3:21  Sentinel x2  
  26  3:54  Sentinel x2  
  30  4:13  Pylon  
  30  4:20  Pylon  
  30  4:24  Pylon  
  30  4:30  Pylon  
  30  4:38  Pylon  
  30  4:51  Pylon  
  30  5:18  Sentinel  
  30  5:19  Sentinel  
  34  5:51  Sentinel  
  34  6:55  Gateway x2  
  34  7:01  Sentinel  
  34  7:02  Sentinel  
  38  7:20  Pylon  
  38  7:29  Pylon  
  38  7:34  Sentinel  
  38  7:35  Sentinel  
  40  7:43  Pylon  
  42  7:53  Pylon  
  42  8:07  Sentinel  
  44  8:25  Sentinel x3  
  46  10:30  Sentinel  
  46  10:31  Sentinel x3  
  54  11:03  Sentinel  
  54  11:04  Sentinel x3  
  62  11:36  Sentinel  
  62  11:37  Sentinel x3  
  68  12:09  Sentinel  
  68  12:30  Probe (Chrono Boost)  
  68  12:37  Sentinel  
  68  12:38  Sentinel x2  
  69  12:42  Probe (Chrono Boost)  
  69  12:46  Sentinel  
  76  12:54  Probe (Chrono Boost)  
  79  13:06  Probe (Chrono Boost)  
  80  13:18  Probe (Chrono Boost)  
  81  13:47  Sentinel  
  81  13:48  Sentinel x2  
  81  13:49  Sentinel  
  87  14:20  Sentinel  
  89  14:33  Probe (Chrono Boost)  
  90  14:41  Sentinel x2  
  90  14:45  Probe (Chrono Boost)  
  95  14:57  Probe (Chrono Boost)  
  95  15:09  Probe (Chrono Boost)  
  97  15:21  Probe (Chrono Boost)  
  98  15:33  Solar Efficiency Level 1  
  98  15:59  Sentinel  
  98  16:00  Sentinel x3  
  106  16:32  Sentinel  
  106  16:33  Sentinel x3  
  46  20:47  Sentinel x4  
  54  21:20  Sentinel x4  
  62  21:30  Pylon  
  62  21:34  Pylon  
  62  21:40  Pylon  
  62  21:44  Pylon  
  62  21:48  Pylon  
  62  21:51  Pylon  
  62  21:53  Sentinel x4  
  62  21:54  Pylon  
  62  21:58  Pylon  
  70  22:01  Pylon  
  70  22:04  Pylon  
  70  22:06  Pylon  
  70  22:09  Pylon  
  70  22:26  Sentinel x4  
  78  22:59  Sentinel x4  
  86  23:32  Sentinel x3  
  92  23:41  Sentinel  
Show
View Real Time Build Order
Export as new Build Order

NamroodTuo Terran 

Build Orders:  

Get SALT Encoding   

  12  0:01  SCV  
  13  0:12  SCV  
  14  0:24  SCV  
  15  0:36  Factory  
  15  0:46  Supply Depot  
  15  1:14  SCV  
  16  1:23  Supply Depot  
  16  1:26  SCV  
  17  1:38  SCV  
  18  1:50  SCV  
  18  1:52  Perdition Turret  
  19  2:16  Perdition Turret  
  19  2:17  SCV  
  20  2:28  SCV  
  20  2:32  Perdition Turret  
  21  2:40  SCV  
  21  2:46  Devastation Turret  
  22  2:52  SCV  
  22  2:57  Perdition Turret  
  23  3:04  SCV, Devastation Turret  
  24  3:16  SCV  
  25  3:22  Perdition Turret  
  25  3:27  SCV  
  25  3:30  Devastation Turret  
  25  3:39  SCV  
  27  3:51  SCV, Refinery  
  27  3:58  Refinery, Devastation Turret  
  28  4:03  SCV  
  29  4:10  Devastation Turret  
  29  4:26  Devastation Turret  
  29  4:45  Perdition Turret  
  29  4:48  SCV  
  29  4:55  Devastation Turret  
  30  5:00  SCV  
  30  5:05  Armory  
  31  5:23  Supply Depot  
  31  5:33  Devastation Turret  
  31  5:51  SCV  
  31  5:53  Supply Depot  
  32  6:05  Devastation Turret  
  32  6:34  Perdition Turret, Devastation Turret  
  32  6:37  Devastation Turret  
  32  6:43  Upgrade Laser Drill Level 1  
  32  6:44  Perdition Turret  
  32  7:03  Devastation Turret  
  32  7:05  Devastation Turret  
  32  7:29  Devastation Turret  
  32  7:34  Devastation Turret  
  32  7:50  Devastation Turret  
  32  7:56  Devastation Turret  
  32  7:59  Devastation Turret  
  32  8:39  Devastation Turret  
  32  8:45  Devastation Turret  
  32  8:48  Devastation Turret  
  32  8:53  Devastation Turret  
  32  9:03  Devastation Turret  
  32  9:13  Devastation Turret  
  32  9:25  Devastation Turret  
  32  9:38  Devastation Turret  
  32  9:51  Devastation Turret  
  32  10:28  Devastation Turret x2  
  32  10:34  Devastation Turret  
  32  10:44  SCV  
  33  10:56  SCV  
  34  11:04  Supply Depot  
  34  11:08  SCV  
  34  11:14  Supply Depot  
  35  11:20  SCV  
  36  11:32  SCV  
  37  11:42  Engineering Bay  
  37  11:50  Devastation Turret  
  37  11:55  Devastation Turret  
  37  12:18  Devastation Turret  
  37  12:23  Devastation Turret  
  37  12:31  Devastation Turret  
  37  12:45  Devastation Turret  
  37  13:03  Spinning Dizzy  
  37  13:06  Spinning Dizzy  
  37  13:15  Spinning Dizzy  
  37  13:40  Spinning Dizzy  
  37  13:54  Terran Vehicle and Ship Weapons Level 1  
  37  14:03  SCV  
  38  14:12  Hi-Sec Auto Tracking  
  38  14:14  SCV  
  38  14:15  Starport  
  39  14:26  SCV  
  40  14:38  SCV  
  40  14:46  Spinning Dizzy  
  41  14:50  SCV, Spinning Dizzy  
  42  15:04  Structure Armor  
  42  15:52  Devastation Turret x2  
  42  16:13  Terran Vehicle And Ship Armor Level 1  
  42  16:18  Starport  
  42  16:19  Devastation Turret  
  42  16:20  Devastation Turret  
  42  16:25  Supply Depot  
  42  16:49  Devastation Turret  
  41  16:55  Devastation Turret  
  41  17:15  Devastation Turret  
  41  17:19  Devastation Turret  
  41  17:20  Devastation Turret  
  41  17:30  Perdition Turret  
  41  17:39  Devastation Turret  
  41  18:08  Starport Tech Lab  
  41  18:10  Starport Tech Lab  
  41  18:18  Starport  
  39  18:25  Supply Depot  
  39  18:28  Terran Vehicle and Ship Weapons Level 2  
  39  19:02  Command Center  
  39  19:25  Spinning Dizzy  
  39  19:26  Spinning Dizzy  
  39  19:48  SCV  
  39  19:59  SCV  
  41  20:11  SCV  
  42  20:23  SCV  
  43  20:35  SCV  
  44  20:53  SCV  
  45  21:05  SCV  
  45  21:06  Devastation Turret  
  46  21:16  SCV  
  45  21:28  SCV  
  46  21:40  SCV  
  46  21:41  Perdition Turret  
  44  21:55  SCV  
  44  21:58  Pulse Amplifier  
  45  22:00  Improved Nano-Repair  
  45  22:05  Wraith x2  
  45  22:06  Wraith  
  45  22:07  SCV  
  46  22:19  SCV  
  52  22:23  Supply Depot  
  53  22:31  SCV  
  53  22:40  Wraith x2  
  53  22:43  SCV  
  58  22:54  Supply Depot  
  55  23:11  Wraith  
  55  23:15  Wraith x2  
  61  23:43  SCV  
  61  23:44  Supply Depot  
  62  23:55  SCV  
  63  24:01  Devastation Turret  
  63  24:06  Devastation Turret  
  63  24:07  SCV  
  64  24:19  SCV  
  65  24:30  Devastation Turret  
Tags
 
Commander
KaraxSwann
Matchup
Co-op
Replay Pack
Multiplayer
Add a new tag
Caveats
  • Supply blocks, unpowered buildings, or Contaminate may cause inaccurate times.
  • Supply counts are checked every 10 seconds.